 Dungeon Crawl Stone Soup version 0.31.0-11-ge490571c62 (webtiles) character file.

Game seed: 8071212896965263025

29 monsoonserge the Vexing (level 3, -1/17 HPs)
             Began as a Spriggan Hexslinger on Jan 30, 2024.
             Killed from afar by Natasha (11 damage)
             ... with a magic dart
             ... on level 2 of the Dungeon.
             The game lasted 00:03:57 (841 turns).

monsoonserge the Vexing (Spriggan Hexslinger)        Turns: 841, Time: 00:03:58

Health: -1/17      AC:  2    Str:  4    XL:     3   Next: 1%
Magic:  5/6        EV: 18    Int: 14    God:
Gold:   46         SH:  0    Dex: 19    Spells: 2/4 levels left

rFire   . . .        a - +1 sling
rCold   . . .        (no shield)
rNeg    . . .        c - +0 robe
rPois   .            (helmet restricted)
rElec   .            (no cloak)
rCorr   .            (gloves unavailable)
SInv    +            (boots unavailable)
Will    .....        (no amulet)
Stlth   ++           (no ring)
HPRegen 0.22/turn    (no ring)
MPRegen 0.10/turn

%: no passive effects
@: weak-willed, slowed, quick
A: very small, no large weapons, unfitting armour, see invisible, speed 3
a: no special abilities


You were on level 2 of the Dungeon.
You visited 1 branch of the dungeon, and saw 2 of its levels.

You collected 46 gold pieces.

Inventory:

Hand Weapons
 a - a +1 sling (weapon)
Missiles
 d - 5 datura-tipped darts
 f - 9 poisoned darts
Armour
 c - a +0 robe (worn)
Scrolls
 b - a scroll of poison
 g - a scroll of fear {unknown}
 h - a scroll of silence {unknown}
 k - 2 scrolls of identify {unknown}
Potions
 e - a potion of attraction {unknown}
 i - a potion of degeneration {unknown}
 j - a potion of invisibility {unknown}


   Skills:
 + Level 0.8 Fighting
 * Level 2.9 Ranged Weapons
 + Level 2.7 Dodging
 + Level 1.3 Spellcasting
 + Level 4.2 Hexes
 + Level 0.7 Fire Magic


You had 2 spell levels left.
You knew the following spells:

 Your Spells              Type           Power      Damage    Failure   Level
a - Jinxbite              Hex            24%        N/A       7%          2

Your spell library contained the following spells:

 Spells                   Type           Power      Damage    Failure   Level
 Ensorcelled Hibernation  Hex/Ice        12%        N/A       16%         2
 Sigil of Binding         Hex            12%        N/A       13%         3
 Inner Flame              Hex/Fire       7%         N/A       26%         3
 Cause Fear               Hex            6%         N/A       41%         4
 Passwall                 Erth           0%         N/A       58%         3
 Swiftness                Air            0%         N/A       58%         3
 Dimensional Bullseye     Hex/Tloc       3%         N/A       71%         4


Dungeon Overview and Level Annotations

Branches:
Dungeon (2/15)

Altars:

Annotations:
D:2 Natasha


Innate Abilities, Weirdness & Mutations

You are very small and have problems with some larger weapons.
You are too small for most types of armour.
You have supernaturally acute eyesight. (SInv)
You cover ground extremely quickly. (Speed+++)


Message History

Natasha, Servant of Life and Death comes into view.
You shoot a sling bullet. The sling bullet misses Natasha.
Natasha casts a spell at you.
You feel yourself slow down.
Casting: Jinxbite (safe; 7% risk of failure)
Confirm with . or Enter, or press ? or * to list all spells.
You beckon some vexing sprites to accompany your attacks.
You feel your willpower being sapped.
You shoot a sling bullet.
The sling bullet closely misses Natasha.
Natasha closely misses you.
You shoot a sling bullet.
The sling bullet closely misses Natasha.
Natasha misses you. Natasha casts a spell at you.
You resist with significant effort.
You shoot a sling bullet.
The sling bullet hits Natasha but does no damage.
Natasha claws you but does no damage. Natasha claws you.
You shoot a sling bullet. The sling bullet barely misses Natasha.
A giggling sprite leaps out and makes Natasha trip over her own paws.
Natasha is moderately wounded.
Natasha claws you. x2
You shoot a sling bullet. The sling bullet hits Natasha.
Natasha is heavily wounded.
A giggling sprite leaps out and makes Natasha trip over her own paws.
Natasha is severely wounded.
The jinxing sprites lose interest in you.
Natasha claws you.
Natasha mumbles some strange words.
Fire: a) +1 sling
Press: ? - help, Q - select action, (/) - cycle Shift-Dir - straight line, f/p - Natasha
Aim: Natasha (severely wounded, heavily drained, 53% to hit)
You shoot a sling bullet. The sling bullet hits Natasha.
Natasha is almost dead.
Natasha stares at you and mumbles some strange words.
The magic dart hits you!
Ouch! That really hurt!
You die...
Natasha begins licking her fur clean.

########
#...<.^#####..#
#.###.#@h....#
#.# ##5####...#
#.# ### . #.#
#.# #.# ###.#
#...# #.###


You could see Natasha (very drained) and a cerulean imp (summoned).

Vanquished Creatures
  3 ball pythons (D:1)
  5 endoplasms
  2 giant cockroaches (D:1)
  2 hobgoblins (D:1)
  4 bats (D:1)
  A frilled lizard (D:1)
  5 goblins (D:1)
  2 kobolds (D:1)
  3 rats (D:1)
27 creatures vanquished.

Notes
Turn   | Place    | Note
-------+----------+-------------------------------------------
     0 | D:1      | monsoonserge the Spriggan Hexslinger began the quest for
                  | the Orb.
     0 | D:1      | Reached XP level 1. HP: 9/9 MP: 3/3
   126 | D:1      | Reached skill level 4 in Hexes
   202 | D:1      | Reached XP level 2. HP: 14/14 MP: 5/5
   210 | D:1      | Learned a level 2 spell: Jinxbite
   724 | D:2      | Reached XP level 3. HP: 17/17 MP: 6/6
   831 | D:2      | Noticed Natasha
   841 | D:2      | Killed from afar by Natasha

Illustrated notes

Levels and vault maps discovered:
D:1:      erik_arrival_cave_to_civilisation [erik_arrival_cave_to_hall],
          layout_loops_ring, minmay_distorted
D:2:      layout_loops_corners, shapermc_ecumenical_altar_totnotflames,
          uniq_natasha

Skill      XL: |  1 |
---------------+----+-----
Hexes          | 4 |  4.2
Fighting       | |  0.8
Ranged Weapons | |  2.9
Dodging        | |  2.7
Spellcasting   | |  1.3
Fire Magic     | |  0.7

Action                     || total
---------------------------++-------
   Fire: Sling             ||    74
   Cast: Jinxbite          ||     2
 Armour: Robe              ||    17
  Dodge: Dodged            ||    35
